 Dungeon Crawl Stone Soup version 0.24.0-125-gc4c63601f3 (webtiles) character file.

Game seed: 12263001416040057503, levelgen mode: deterministic

920 Curus the Cleaver (level 7, 0/57 HPs)
             Began as a Minotaur Monk on Feb 19, 2020.
             Killed by nerve-wracking pain
             ... invoked by a shadow imp
              (9 damage)
             ... on level 6 of the Dungeon.
             The game lasted 00:15:29 (4887 turns).

Curus the Cleaver (Minotaur Monk)                   Turns: 4887, Time: 00:15:30

Health: 0/57       AC: 10    Str: 12    XL:     7   Next: 83%
Magic:  6/6        EV:  5    Int:  7    God:
Gold:   143        SH:  4    Dex: 18    Spells: 6/6 levels left

rFire    . . .     SeeInvis .   f - +0 broad axe
rCold    . . .     Gourm    .   g - +0 buckler (curse)
rNeg     . . .     Faith    +   l - +1 chain mail
rPois    .         Spirit   .   (helmet restricted)
rElec    .         Reflect  .   (no cloak)
rCorr    .         Harm     .   s - +0 pair of gloves
MR       .....                  (no boots)
Stlth    ..........             d - amulet of faith
HPRegen  0.19/turn              e - +1 ring of slaying
MPRegen  0.10/turn              n - ring of Fiserph {Str-3 Dex+3} (curse)

@: no status effects
A: retaliatory headbutt, horns 2
a: no special abilities


You were on level 6 of the Dungeon.
You were hungry.

You visited 1 branch of the dungeon, and saw 6 of its levels.

You collected 233 gold pieces.
You spent 90 gold pieces at shops.

Inventory:

Hand Weapons
 a - a +0 hand axe
 f - a +0 broad axe (weapon)
Armour
 b - a +0 robe
 g - a cursed +0 buckler (worn)
 h - a +0 leather armour
 k - a +0 ring mail
 l - a +1 chain mail (worn)
 s - a +0 pair of gloves (worn)
Jewellery
 d - an amulet of faith (around neck)
 e - a +1 ring of slaying (left hand)
 n - the cursed ring of Fiserph (right hand) {Str-3 Dex+3}
   (You found it on level 4 of the Dungeon)

   [ring of strength]

   It affects your strength (-3).
   It affects your dexterity (+3).
   It has a curse placed upon it.
Wands
 r - a wand of acid (8)
Scrolls
 i - 2 scrolls of teleportation
 j - a scroll of remove curse
 m - 2 scrolls of identify
 t - a scroll of fear
Potions
 o - a potion of haste
 p - 2 potions of curing
Comestibles
 c - 9 rations


   Skills:
 - Level 3.6 Fighting
 + Level 11.2 Axes
 - Level 3.2 Dodging
 - Level 1.5 Stealth


You had 6 spell levels left.
You didn't know any spells.
Your spell library contained the following spells:

 Spells                   Type           Power        Failure   Level  Hunger
 Freeze                   Ice            #...         100%        1    ##.....
 Throw Frost              Conj/Ice       #.....       100%        2    ###....
 Ozocubu's Armour         Chrm/Ice       #.......     100%        3    ####...
 Summon Ice Beast         Ice/Summ       #.......     100%        4    #####..
 Throw Icicle             Conj/Ice       #.......     100%        4    #####..


Dungeon Overview and Level Annotations

Branches:
Dungeon (6/15)
 Temple: D:4-7

Altars:
Ru
Zin

Shops:
D:4 }


Innate Abilities, Weirdness & Mutations

You reflexively headbutt those who attack you in melee.
You have a pair of horns on your head.


Message History

The orc warrior throws a boomerang.
You block the boomerang.
The weapon returns to the orc warrior!
The orc warrior throws a boomerang.
The boomerang hits you!
The weapon returns to the orc warrior!
The orc priest begins to cast a cantrip, but forgets the words!
The shadow imp hits you but does no damage.
The orc warrior hits you but does no damage.
You hit the orc warrior but do no damage.
Your chain mail prevents you from hitting the shadow imp.
The orc priest mumbles some strange prayers to Beogh against you.
Beogh smites you! The shadow imp hits you.
* * * LOW HITPOINT WARNING * * *
The orc warrior hits you with a +0 dire flail!
* * * LOW HITPOINT WARNING * * *
The shadow imp gestures at you. Pain shoots through your body!
* * * LOW HITPOINT WARNING * * *
The shadow imp gestures at you. Pain shoots through your body!
You die...

### ... . .## #.. .. ..
####### #####.##.#
########.....###.........
....Y....Z..o5..@<......#
########.#.......####.#.#
........................
######.#.##......#####..
########.........#
..........#......#
##........#......#
+........#......#
#........#......#


You could see an orc warrior, a shadow imp and an adder skeleton.

Vanquished Creatures
  A sky beast (D:5)
  A phantom (D:4)
  A centaur (D:5)
  A howler monkey (D:4)
  2 hounds
  2 orc wizards
  A bullfrog skeleton (D:4)
  2 centaur skeletons
  2 iguanas
  7 worker ants
  4 gnolls (D:3)
  5 adders
  A shadow imp (D:5)
  An ooze (D:1)
  An adder skeleton (D:6)
  3 worms
  3 dart slugs
  2 leopard geckos
  4 orcs (D:3)
  2 ball pythons
  3 giant cockroaches
  6 hobgoblins
  9 jackals
  6 quokkas
  12 bats
  7 frilled lizards
  7 goblins
  A jackal skeleton (D:6)
  16 kobolds
  13 rats
126 creatures vanquished.

Notes
Turn   | Place    | Note
-------+----------+-------------------------------------------
     0 | D:1      | Curus the Minotaur Monk began the quest for the Orb.
     0 | D:1      | Reached XP level 1. HP: 19/19 MP: 0/0
    91 | D:1      | Reached skill level 4 in Axes
   410 | D:1      | Reached XP level 2. HP: 26/26 MP: 1/1
   623 | D:1      | Reached skill level 5 in Axes
   962 | D:1      | Reached XP level 3. HP: 30/31 MP: 2/2
  1625 | D:2      | Reached skill level 6 in Axes
  1625 | D:2      | Reached XP level 4. HP: 16/39 MP: 3/3
  1735 | D:2      | Found a sacrificial altar of Ru.
  2380 | D:3      | Reached skill level 7 in Axes
  2380 | D:3      | Reached XP level 5. HP: 42/45 MP: 4/4
  2962 | D:3      | Reached skill level 8 in Axes
  3288 | D:4      | Reached XP level 6. HP: 49/51 MP: 5/5
  3349 | D:4      | Found Paink's Gadget Shop.
  3377 | D:4      | Reached skill level 9 in Axes
  3398 | D:4      | Got a vibrating brass ring
  3399 | D:4      | Identified the cursed ring of Fiserph {Str-3 Dex+3} (You
                  | found it on level 4 of the Dungeon)
  3609 | D:4      | Found Zin's Purification Station.
  3612 | D:4      | Found a glowing silver altar of Zin.
  3617 | D:4      | Bought a potion of curing for 90 gold pieces
  3752 | D:4      | Reached XP level 7. HP: 50/57 MP: 6/6
  3988 | D:5      | Entered Level 5 of the Dungeon
  4198 | D:5      | Reached skill level 10 in Axes
  4683 | D:5      | Reached skill level 11 in Axes
  4887 | D:6      | Killed from afar by a shadow imp

Levels and vault maps discovered:
D:1:      dpeg_arrival_three_same_balls, layout_basic
D:2:      minmay_diamond_boxcup, layout_basic,
          nicolae_ru_great_annihilating_truth
D:3:      layout_loops_cross, first_ration, kennysheep_generic_room_11
D:4:      layout_loops_cross, zin_purify, serial_shops, nicolae_shop_stone
D:5:      layout_basic
D:6:      layout_basic, minmay_temple_entry_glass, kennysheep_generic_room_4

Skill      XL: |  1  2  3  4  5  6  7 |
---------------+----------------------+-----
Axes           | 4 5 6 7 8 9 11 | 11.2
Fighting       | |  3.6
Dodging        | |  3.2
Stealth        | |  1.5

Action                   |  1- 3 |  4- 6 |  7- 9 || total
-------------------------+-------+-------+-------++-------
Melee: Hand axe          |    58 |       |       ||    58
       Headbutt          |    11 |    32 |     8 ||    51
       Broad axe         |    35 |   160 |    44 ||   239
  Use: Potion            |     4 |     1 |       ||     5
       Scroll            |     2 |     4 |     3 ||     9
 Stab: Sleeping          |     2 |     1 |       ||     3
       Paralysed         |       |     1 |       ||     1
  Eat: Chunk             |     2 |     7 |     3 ||    12
Armor: Robe              |    12 |       |       ||    12
       Leather armour    |     7 |       |       ||     7
       Ring mail         |     3 |    21 |       ||    24
       Chain mail        |       |    39 |    27 ||    66
Dodge: Dodged            |    57 |    81 |    11 ||   149
Block: Buckler           |     1 |    19 |     9 ||    29
